 Dungeon Crawl Stone Soup version 0.31-a0-167-g1c394c0614 (webtiles) character file.

Game seed: 17564668705448629822

72 qw the Shooter (level 4, -3/28 HPs)
             Began as a Gargoyle Hunter on June 14, 2023.
             Slain by a goblin
             ... wielding a +0 dagger
             ... led by Robin
              (5 damage)
             ... on level 3 of the Dungeon.
             The game lasted 00:00:32 (1519 turns).

qw the Shooter (Gargoyle Hunter)                    Turns: 1519, Time: 00:00:32

Health: -3/28      AC:  8    Str: 15    XL:     4   Next: 26%
Magic:  4/4        EV: 11    Int:  9    God:
Gold:   52         SH:  0    Dex: 15    Spells: 3/3 levels left

rFire   . . .        g - +0 shortbow (heavy)
rCold   . . .        (shield currently unavailable)
rNeg    + . .        e - +0 ring mail
rPois   inf          (no helmet)
rElec   +            (no cloak)
rCorr   .            (no gloves)
SInv    .            (no boots)
Will    .....        (no amulet)
Stlth   +            (no ring)
HPRegen 0.24/turn    (no ring)
MPRegen 0.09/turn

%: no passive effects
@: no status effects
A: sickness immunity, AC +3, negative energy resistance 1, electricity
resistance, torment resistance 1, petrification resistance
a: no special abilities


You were on level 3 of the Dungeon.
You visited 1 branch of the dungeon, and saw 3 of its levels.

You collected 52 gold pieces.


Innate Abilities, Weirdness & Mutations

You are immune to sickness and miasma.
Your stone body is resilient. (AC +3)
You are immune to poison.
You resist negative energy. (rN+)
You are resistant to electric shocks. (rElec)
You are resistant to unholy torment.
You are immune to petrification.


   Skills:
 - Level 3.0 Fighting
 + Level 5.1 Ranged Weapons
 - Level 1.2 Armour
 - Level 1.5 Dodging
 - Level 1.1 Stealth


You had 3 spell levels left.
You didn't know any spells.
Your spell library was empty.

Inventory:

Hand Weapons
 g - a +0 heavy shortbow (weapon)
Armour
 e - a +0 ring mail (worn)
Scrolls
 Y - a scroll of identify
Potions
 d - a potion of enlightenment {unknown}
 f - a potion of ambrosia {unknown}
 h - a potion of haste {unknown}

Dungeon Overview and Level Annotations

Branches:
Dungeon (3/15)

Altars:


Message History

The hobgoblin closely misses you. The goblin misses you.
Robin hits you but does no damage. The goblin barely misses you.
Your Fighting skill increases to level 3!
You shoot an arrow. The arrow barely misses Robin.
The arrow barely misses the frilled lizard.
The arrow misses the goblin.
The goblin barely misses you. The goblin misses you.
Robin hits you with a +0 dagger.
You shoot an arrow. The arrow hits Robin!
Robin is heavily wounded.
The goblin no longer looks unusually strong.
The hobgoblin closely misses you.
The goblin hits you but does no damage. x3
The hobgoblin barely misses you. The goblin hits you but does no damage.
Robin barely misses you. The goblin hits you but does no damage.
You shoot an arrow.
The arrow hits Robin but does no damage.
Robin is heavily wounded.
The hobgoblin no longer looks unusually strong.
The goblin hits you with a +0 dagger.
The hobgoblin hits you but does no damage.
The goblin misses you. The goblin hits you but does no damage.
The goblin barely misses you. The hobgoblin barely misses you.
The goblin hits you but does no damage.
Robin roars a battlecry!
The goblins go into a battle-frenzy!
The goblin misses you.
You shoot an arrow. The arrow hits Robin!!
You kill Robin!
The goblin hits you but does no damage.
The goblin hits you with a +0 dagger. x3
The goblin closely misses you. The goblin barely misses you.
The hobgoblin closely misses you.
You shoot an arrow. The arrow closely misses the goblin.
The goblin hits you but does no damage. The goblin hits you with a +0 dagger.
The hobgoblin barely misses you.
The goblin hits you but does no damage. x2
The goblin hits you with a +0 dagger.
The goblin hits you but does no damage. x2
The goblin hits you with a +3 dagger. The hobgoblin closely misses you.
You shoot an arrow. The arrow hits the goblin!
You kill the goblin!
The goblin hits you with a +0 dagger.
You die...

# #. #... # #.#. #. #.
..## .####### ######.
... ......#
......#####.####g)...#
...%..#...#.#...@g...#
....<.#...#...##gg..%#
######......####l....#
##....<####)#####
####......)..
#.####.### #.# . #.#
.. #.#


You could see a hobgoblin (strong), 3 goblins and a frilled lizard.

Vanquished Creatures
  Robin (D:3)
  An adder (D:2)
  A dart slug (D:1)
  5 ball pythons
  5 bats (D:1)
  An endoplasm (D:2)
  4 giant cockroaches
  6 goblins
  5 hobgoblins
  3 jackals (D:2)
  7 kobolds
  2 quokkas (D:1)
  2 frilled lizards
  4 rats
47 creatures vanquished.

Notes
Turn   | Place    | Note
-------+----------+-------------------------------------------
     0 | D:1      | qw the Gargoyle Hunter began the quest for the Orb.
     0 | D:1      | Reached XP level 1. HP: 12/12 MP: 1/1
     0 | D:1      | 0 ||| qw: Version: 0.2-a-29-g1fa15c8
     0 | D:1      | 0 ||| qw: Game counter: 5076
     0 | D:1      | 0 ||| qw: Always use a shield: true
     0 | D:1      | 0 ||| qw: God list: Okawaru
     0 | D:1      | 0 ||| qw: Allow faded altars: false
     0 | D:1      | 0 ||| qw: Do Orc after D:15 true
     0 | D:1      | 0 ||| qw: Do second Lair branch before Depths: true
     0 | D:1      | 0 ||| qw: Lair rune preference: random
     0 | D:1      | 0 ||| qw: Plans: Normal, Zot:1-4, Slime:5, God:TSO, Crypt,
                  | Tomb, Abyss, Pan, Hells, Win
     0 | D:1      | 0 ||| PLANNING D:1-11
    69 | D:1      | Reached XP level 2. HP: 9/17 MP: 2/2
   105 | D:1      | Found a faded altar of an unknown god.
   268 | D:1      | Reached XP level 3. HP: 21/21 MP: 3/3
   289 | D:1      | Reached skill level 5 in Ranged Weapons
   599 | D:1      | 599 ||| UPGRADING to +0 ring mail.
   609 | D:1      | 609 ||| DROPPING +0 leather armour.
   610 | D:1      | 610 ||| DROPPING scroll of butterflies.
   880 | D:2      | Reached skill level 1 in Armour
  1438 | D:2      | 1438 ||| DROPPING ring of wizardry.
  1439 | D:2      | 1439 ||| READING scroll labelled SIKAUS GOOBBY.
  1440 | D:2      | 1440 ||| READING 2 scrolls labelled PIACAT QOREM.
  1506 | D:3      | Reached XP level 4. HP: 27/27 MP: 4/4
  1506 | D:3      | Noticed Robin
  1514 | D:3      | Reached skill level 3 in Fighting
  1517 | D:3      | Killed Robin
  1517 | D:3      | HP: 7/28 [goblin/+0 dagger[Robin] (2)]
  1518 | D:3      | HP: 1/28 [goblin/+3 dagger[Robin] (3)]
  1519 | D:3      | Slain by a goblin

Levels and vault maps discovered:
D:1:      minmay_arrival_nine_rooms, layout_basic, basic_ecumenical_altar
D:2:      layout_loops_corners, hangedman_decor_lopped,
          kennysheep_generic_room_15
D:3:      layout_loops_cross, tgw_kikubaaqudgha, ashenzari_conservatory_becter,
          serial_shops, shop, small_statue_intersection, uniq_jessica,
          uniq_sigmund, uniq_robin

Skill      XL: |  1  2  3  4 |
---------------+-------------+-----
Ranged Weapons | 5 |  5.1
Armour         | 1 |  1.2
Fighting       | 3 |  3.0
Dodging        | |  1.5
Stealth        | |  1.1

Action                     |  1- 3 |  4- 6 || total
---------------------------+-------+-------++-------
   Fire: Shortbow          |   124 |    14 ||   138
    Use: Scroll            |     2 |       ||     2
 Armour: Leather armour    |    17 |       ||    17
         Ring mail         |    19 |    23 ||    42
  Dodge: Dodged            |    44 |    27 ||    71

Table legend:
 A = Non-vault XP
 B = Vault XP
 C = Vault XP percentage of total XP
 D = Non-vault monster count
 E = Vault monster count
 F = Vault count percentage of total count
                 A         B        C        D         E       F
            +---------+---------+-------+---------+---------+-------
      Total |      79 |      27 |  25.5 |      40 |       7 |  14.9
            +---------+---------+-------+---------+---------+-------
        D:1 |      43 |       0 |   0.0 |      25 |       0 |   0.0
        D:2 |      32 |       2 |   5.9 |      12 |       1 |   7.7
        D:3 |       4 |      25 |  86.2 |       3 |       6 |  66.7
            +---------+---------+-------+---------+---------+-------
